 Dungeon Crawl Stone Soup version 0.29.0-13-gc9e81de378 (webtiles) character file.

Game seed: 8013787721068351107

0 Quickbrownfox the Chiller (level 1, -1/13 HPs)
             Began as a Demonspawn Ice Elementalist on Sept 7, 2022.
             Slain by a jackal (3 damage)
             ... on level 1 of the Dungeon.
             The game lasted 00:00:13 (158 turns).

Quickbrownfox the Chiller (DsIE)                     Turns: 158, Time: 00:00:14

Health: -1/13      AC:  2    Str:  8    XL:     1   Next: 8%
Magic:  3/3        EV: 12    Int: 16    God:
Gold:   0          SH:  0    Dex: 13    Spells: 3/4 levels left

rFire   . . .      SeeInvis .   (no weapon)
rCold   . . .      Faith    .   (no shield)
rNeg    . . .      Spirit   .   a - +0 robe
rPois   .          Reflect  .   (no helmet)
rElec   .          Harm     .   (no cloak)
rCorr   .          Rampage  .   (no gloves)
Will    .....                   (no boots)
Stlth   ++........              (no amulet)
HPRegen 0.04/turn               (no ring)
MPRegen 0.08/turn               (no ring)

@: brilliant
A: no striking features
a: no special abilities


You were on level 1 of the Dungeon.
You visited 1 branch of the dungeon, and saw 1 of its levels.

Inventory:

Armour
 a - a +0 robe (worn)
Scrolls
 c - a scroll of noise {unknown}
Potions
 b - a potion of magic


   Skills:
 + Level 1.7 Dodging
 + Level 1.7 Stealth
 + Level 2.0 Spellcasting
 + Level 3.6 Ice Magic


You had 3 spell levels left.
You knew the following spells:

 Your Spells              Type           Power      Damage    Failure   Level
a - Freeze                Ice            76%        1d9       4%          1

Your spell library contained the following spells:

 Spells                   Type           Power      Damage    Failure   Level
 Frozen Ramparts          Ice            38%        1d6       14%         3
 Ozocubu's Armour         Ice            19%        N/A       14%         3
 Hailstorm                Conj/Ice       11%        3d5       69%         4


Dungeon Overview and Level Annotations

Branches:
Dungeon (1/15)

Altars:


Message History

d - a yellow potion A goblin comes into view.
It is wielding a +0 club.
A goblin is nearby!
A ball python comes into view.
Found 8 gold pieces.
A hobgoblin, a ball python and 2 jackals come into view.
The ball python hisses angrily. x2
A jackal comes into view.
The goblin shouts!
The jackal barks! x2
The goblin falls through a shaft!
The shaft crumbles and collapses.
The jackal barks!
The hobgoblin shouts!
A quokka comes into view.
The jackal bites you. The jackal attacks as you move away!
The jackal bites you but does no damage.
The jackal attacks as you move away! The jackal misses you. x2
The jackal attacks as you move away! The jackal closely misses you.
The jackal attacks as you move away! The jackal closely misses you.
The jackal attacks as you move away! The jackal bites you.
The jackal attacks as you move away! The jackal misses you.
The jackal barely misses you. The jackal bites you.
The jackal attacks as you move away! The jackal closely misses you.
The jackal attacks as you move away! The jackal bites you. x2
* * * LOW HITPOINT WARNING * * *
The jackal attacks as you move away!
The jackal bites you but does no damage.
The jackal attacks as you move away! The jackal misses you.
The jackal bites you.
* * * LOW HITPOINT WARNING * * *
The jackal barely misses you.
The jackal bites you but does no damage.
It was a potion of brilliance.
You feel clever all of a sudden.
The jackal bites you but does no damage.
The jackal closely misses you. The jackal misses you.
The jackal attacks as you move away! The jackal closely misses you.
The jackal attacks as you move away! The jackal bites you.
You die...

≈≈≈≈### ##≈≈ #≈≈≈#≈≈≈#
≈§≈≈≈≈#######≈≈≈≈
§≈≈≈§≈≈≈...≈≈≈≈≈≈ .
≈§≈≈≈≈≈§...≈≈≈≈≈≈ ...
§....≈§≈.P.≈≈≈... ...
........P........ ########...
####...........########..........
######.#######h..............!
..............@hSg...........S.
..............#hr..............
..............#S......###......
........................#......
........................#......
...............................
...............................
..............................
.##...............


You could see a quokka, 3 jackals, a hobgoblin and 2 ball pythons.

Vanquished Creatures
  A rat (D:1)
1 creature vanquished.

Notes
Turn   | Place    | Note
-------+----------+-------------------------------------------
     0 | D:1      | Quickbrownfox the Demonspawn Ice Elementalist began the
                  | quest for the Orb.
     0 | D:1      | Reached XP level 1. HP: 13/13 MP: 3/3
   158 | D:1      | Slain by a jackal

Illustrated notes

Levels and vault maps discovered:
D:1:      dpeg_arrival_water_fire, layout_basic, serial_shops,
          nicolae_lakefront_shop, serial_forest, infiniplex_forest_join,
          infiniplex_forest_clump_tiny, infiniplex_forest_end_2,
          infiniplex_forest_end_3, infiniplex_forest_lined_ring,
          infiniplex_forest_clump_double, infiniplex_forest_clump_medium,
          infiniplex_forest_lined_1, infiniplex_forest_straight_3, st_stairs_5

Action                   || total
-------------------------++-------
 Cast: Freeze            ||     1
  Use: Potion            ||     1
Armor: Robe              ||     4
Dodge: Dodged            ||    12
